BSA
BAFFIN ISLAND BEAVERS @ NEW YORK KNIGHTS
09/23/2029
 
TOP OF THE 1ST
Baffin Island Beavers batting - Pitching for New York Knights : LHP Leo Huggins
Pitching: LHP Leo Huggins
Batting: RHB Alden Isenhood 0-0: Ball
1-0: Ball
2-0: Ball
3-0: Called Strike
3-1: Swinging Strike
3-2: Ground out 6-3 (Groundball, 6)
Batting: SHB Alonso Ferreira 0-0: Foul Ball, location: 2F
0-1: Foul Ball, location: 2F
0-2: Ball
1-2: Foul Ball, location: 2F
1-2: Ball
2-2: Ball
3-2: SINGLE (Line Drive, 56)
Batting: RHB Dave Craig 0-0: Called Strike
0-1: Ball
1-1: Ground out 4-3 (Groundball, 34)
Alonso Ferreira to second
Batting: RHB Tony Morton 0-0: Ball
1-0: Ball
2-0: Foul Ball, location: 2F
2-1: Fly out, F8 (Line Drive, 8LXD)
Top of the 1st over - 0 runs, 1 hit, 0 errors, 1 left on base; Baffin Island 0 - New York 0
BOTTOM OF THE 1ST
New York Knights batting - Pitching for Baffin Island Beavers : RHP Robert Reeves
Pitching: RHP Robert Reeves
Batting: LHB Warren Potter 0-0: Ball
1-0: Swinging Strike
1-1: Ground out 6-3 (Groundball, 6M)
Batting: RHB Lonnie Anderson 0-0: Called Strike
0-1: SOLO HOME RUN (Flyball, 7LD), Distance : 426 ft
Batting: RHB Pepe Carrasco 0-0: Ball
1-0: SOLO HOME RUN (Flyball, 9LD), Distance : 321 ft
Batting: RHB Vic Langlois 0-0: DOUBLE (Line Drive, 7LS)
Batting: SHB Marvin Harris 0-0: Ball
1-0: Ball
2-0: Ball
3-0: Base on Balls
Batting: LHB Bill McCraney 0-0: Ball
1-0: Fly out, F8 (Flyball, 8LM)
Batting: RHB Jacob Pope 0-0: Ball
1-0: Fly out, F7 (Flyball, 78M)
Bottom of the 1st over - 2 runs, 3 hits, 0 errors, 2 left on base; Baffin Island 0 - New York 2
TOP OF THE 2ND
Baffin Island Beavers batting - Pitching for New York Knights : LHP Leo Huggins
Batting: LHB Eric Wheeler 0-0: Fly out, F9 (Line Drive, 9)
Batting: LHB César Valentín 0-0: Called Strike
0-1: Ball
1-1: Swinging Strike
1-2: Foul Ball, location: 2F
1-2: Ball
2-2: Fly out, F8 (Flyball, 8RS)
Batting: LHB Howard Evans 0-0: Called Strike
0-1: Ball
1-1: Ball
2-1: Swinging Strike
2-2: Fly out, F9 (Flyball, 9)
Top of the 2nd over - 0 runs, 0 hits, 0 errors, 0 left on base; Baffin Island 0 - New York 2
BOTTOM OF THE 2ND
New York Knights batting - Pitching for Baffin Island Beavers : RHP Robert Reeves
Batting: LHB Jerry Johnston 0-0: Ball
1-0: Ball
2-0: Swinging Strike
2-1: DOUBLE (Line Drive, 9LM)
Batting: LHB Keith Green 0-0: Ground out 4-3 (Groundball, 4)
Jerry Johnston to third
Batting: LHB Warren Potter 0-0: Ball
1-0: Ball
2-0: Ball
3-0: Base on Balls
Batting: RHB Lonnie Anderson 0-0: Called Strike
0-1: Ball
1-1: Foul Ball, location: 2F
1-2: Ball
2-2: SINGLE (Line Drive, 4MD)
Jerry Johnston scores
Warren Potter to second
Runner from 2nd tries for 3rd, SAFE, no throw
Batting: RHB Pepe Carrasco 0-0: Swinging Strike
0-1: Ball
1-1: Ball
2-1: Ball
3-1: SINGLE (Flyball, 7LM)
Warren Potter scores
Lonnie Anderson to second
Batting: RHB Vic Langlois 0-0: Ball
Lonnie Anderson steals 3rd base
1-0: Ball
2-0: Ball
3-0: SINGLE (Flyball, 9LS)
Lonnie Anderson scores
Pepe Carrasco to second
Runner from 2nd tries for 3rd, SAFE, no throw
Batting: SHB Marvin Harris 0-0: Ball
1-0: Ball
2-0: Ball
3-0: Base on Balls
Vic Langlois to second
Batting: LHB Bill McCraney 0-0: Ball
1-0: Swinging Strike
1-1: DOUBLE (Line Drive, 9LD)
Pepe Carrasco scores
Vic Langlois scores
Marvin Harris to third
Batting: RHB Jacob Pope 0-0: SINGLE (Line Drive, 6MD)
Marvin Harris scores
Bill McCraney to third
Runner from 3rd tries for Home, SAFE, no throw
Batting: LHB Jerry Johnston 0-0: Swinging Strike
0-1: Ball
Jacob Pope steals 2nd base
1-1: Called Strike
1-2: Ball
2-2: Ground out U3 (Groundball, 3L)
Jacob Pope to third
Batting: LHB Keith Green 0-0: Ball
1-0: Called Strike
1-1: Ball
2-1: Foul Ball, location: 2F
2-2: Fly out, F2 (Popup, 25F)
Bottom of the 2nd over - 7 runs, 6 hits, 0 errors, 1 left on base; Baffin Island 0 - New York 9
TOP OF THE 3RD
Baffin Island Beavers batting - Pitching for New York Knights : LHP Leo Huggins
Batting: RHB Lawrence Yates 0-0: Called Strike
0-1: Foul Ball, location: 2F
0-2: Strikes out swinging
Batting: LHB Mike MacFadden 0-0: Called Strike
0-1: Ball
1-1: Called Strike
1-2: Ball
2-2: Foul Ball, location: 2F
2-2: Fly out, F6 (Popup, 6MD)
Batting: RHB Alden Isenhood 0-0: Called Strike
0-1: Ball
1-1: Foul Ball, location: 2F
1-2: Foul Ball, location: 2F
1-2: Foul Ball, location: 2F
1-2: Ball
2-2: Foul Ball, location: 2F
2-2: Ground out 4-3 (Groundball, 4S)
Top of the 3rd over - 0 runs, 0 hits, 0 errors, 0 left on base; Baffin Island 0 - New York 9
BOTTOM OF THE 3RD
New York Knights batting - Pitching for Baffin Island Beavers : RHP Robert Reeves
Batting: LHB Warren Potter 0-0: Ball
1-0: Called Strike
1-1: Swinging Strike
1-2: Foul Ball, location: 2F
1-2: Ground out U3 (Groundball, 3L)
Batting: RHB Lonnie Anderson 0-0: Ball
1-0: Foul Ball, location: 2F
1-1: Called Strike
1-2: Fly out, F2 (Popup, 23F)
Batting: RHB Pepe Carrasco 0-0: Ball
1-0: Swinging Strike
1-1: Foul Ball, location: 2F
1-2: Strikes out swinging
Bottom of the 3rd over - 0 runs, 0 hits, 0 errors, 0 left on base; Baffin Island 0 - New York 9
TOP OF THE 4TH
Baffin Island Beavers batting - Pitching for New York Knights : LHP Leo Huggins
Batting: SHB Alonso Ferreira 0-0: Called Strike
0-1: Foul Ball, location: 2F
0-2: Ball
1-2: Ball
2-2: Fly out, F4 (Popup, 34D)
Batting: RHB Dave Craig 0-0: Ball
1-0: Ball
2-0: Ball
3-0: Base on Balls
Batting: RHB Tony Morton 0-0: Called Strike
0-1: Foul Ball, location: 2F
Balk!
Dave Craig to second
0-2: Ball
1-2: Ground out 4-3 (Groundball, 4D)
Dave Craig to third
Batting: LHB Eric Wheeler 0-0: Ball
1-0: Called Strike
1-1: Ball
2-1: Foul Ball, location: 2F
2-2: Foul Ball, location: 2F
2-2: Ground out 4-3 (Groundball, 4S)
Top of the 4th over - 0 runs, 0 hits, 0 errors, 1 left on base; Baffin Island 0 - New York 9
BOTTOM OF THE 4TH
New York Knights batting - Pitching for Baffin Island Beavers : RHP Robert Reeves
Batting: RHB Vic Langlois 0-0: Ball
1-0: Ball
2-0: DOUBLE (Flyball, 78XD)
Batting: SHB Marvin Harris 0-0: Called Strike
0-1: Foul Ball, location: 2F
0-2: Foul Ball, location: 2F
0-2: SINGLE (Line Drive, 6MD)
Vic Langlois to third
Batting: LHB Bill McCraney 0-0: Ball
1-0: Called Strike
1-1: Foul Ball, location: 2F
1-2: Strikes out swinging
Batting: RHB Jacob Pope 0-0: SINGLE (Groundball, 56D)
Vic Langlois scores
Marvin Harris to second
Batting: LHB Jerry Johnston 0-0: Ball
1-0: Ball
2-0: Called Strike
2-1: Foul Ball, location: 2F
2-2: Fly out, F8 (Flyball, 8RM)
Batting: LHB Keith Green 0-0: Ground out 3-1 (Groundball, 34S)
Bottom of the 4th over - 1 run, 3 hits, 0 errors, 2 left on base; Baffin Island 0 - New York 10
TOP OF THE 5TH
Baffin Island Beavers batting - Pitching for New York Knights : LHP Leo Huggins
Batting: LHB César Valentín 0-0: Ground out 4-3 (Groundball, 4)
Batting: LHB Howard Evans 0-0: Called Strike
0-1: Called Strike
0-2: Ball
1-2: Ball
2-2: Ground out 6-3 (Groundball, 6)
Batting: RHB Lawrence Yates 0-0: Fly out, F3 (Popup, 3S)
Top of the 5th over - 0 runs, 0 hits, 0 errors, 0 left on base; Baffin Island 0 - New York 10
BOTTOM OF THE 5TH
New York Knights batting - Pitching for Baffin Island Beavers : RHP Robert Reeves
Batting: LHB Warren Potter 0-0: Ball
1-0: Foul Ball, location: 2F
1-1: Ball
2-1: Foul Ball, location: 2F
2-2: SINGLE (Groundball, 6MD)
Batting: RHB Lonnie Anderson 0-0: Called Strike
0-1: 2-RUN HOME RUN (Flyball, 9LD), Distance : 321 ft
Pitching: RHP Thierry Garneau
Batting: RHB Pepe Carrasco 0-0: Ball
1-0: Ball
2-0: Ball
3-0: Base on Balls
Batting: RHB Vic Langlois 0-0: Ball
1-0: Called Strike
1-1: Foul Ball, location: 2F
1-2: Ball
2-2: 2-RUN HOME RUN (Line Drive, 7D), Distance : 373 ft
Batting: SHB Marvin Harris 0-0: Ball
1-0: Foul Ball, location: 2F
1-1: Foul Ball, location: 2F
1-2: Strikes out swinging
Batting: LHB Bill McCraney 0-0: Called Strike
0-1: Fly out, F5 (Popup, 5F)
Batting: RHB Jacob Pope 0-0: Called Strike
0-1: Ground out 4-3 (Groundball, 4)
Bottom of the 5th over - 4 runs, 3 hits, 0 errors, 0 left on base; Baffin Island 0 - New York 14
TOP OF THE 6TH
Baffin Island Beavers batting - Pitching for New York Knights : LHP Leo Huggins
Batting: LHB Mike MacFadden 0-0: Foul Ball, location: 2F
0-1: SINGLE (Line Drive, 4MD)
Batting: RHB Alden Isenhood 0-0: Ball
1-0: Ball
2-0: Called Strike
2-1: SINGLE (Groundball, 25) (infield hit)
Mike MacFadden to second
Batting: SHB Alonso Ferreira 0-0: Ball
1-0: Foul Ball, location: 2F
1-1: Foul Ball, location: 2F
1-2: Ball
2-2: Foul Ball, location: 2F
2-2: Foul Ball, location: 2F
2-2: Ball
3-2: Foul Ball, location: 2F
3-2: Grounds into double play, 3-6-1 (Groundball, 34)
Mike MacFadden to third
Batting: RHB Dave Craig 0-0: Called Strike
0-1: Foul Ball, location: 2F
0-2: Ball
1-2: Foul Ball, location: 2F
1-2: Ball
2-2: Ground out 1-3 (Groundball, 13)
Top of the 6th over - 0 runs, 2 hits, 0 errors, 1 left on base; Baffin Island 0 - New York 14
BOTTOM OF THE 6TH
New York Knights batting - Pitching for Baffin Island Beavers : RHP Thierry Garneau
Batting: LHB Jerry Johnston 0-0: Ball
1-0: Ball
2-0: Swinging Strike
2-1: Swinging Strike
2-2: Foul Ball, location: 2F
2-2: Foul Ball, location: 2F
2-2: Foul Ball, location: 2F
2-2: Foul Ball, location: 2F
2-2: Fly out, F7 (Flyball, 7)
Batting: LHB Keith Green 0-0: SINGLE (Groundball, 34D)
Batting: LHB Warren Potter 0-0: Ball
1-0: Swinging Strike
1-1: Foul Ball, location: 2F
1-2: Grounds into double play, 4-6-3 (Groundball, 4)
Bottom of the 6th over - 0 runs, 1 hit, 0 errors, 0 left on base; Baffin Island 0 - New York 14
TOP OF THE 7TH
Baffin Island Beavers batting - Pitching for New York Knights : LHP Leo Huggins
Batting: RHB Tony Morton 0-0: Ball
1-0: Ball
2-0: Fly out, F8 (Line Drive, 8LD)
Batting: LHB Eric Wheeler 0-0: SINGLE (Groundball, 5D)
Pitching: RHP Pedro Cabrera
Batting: LHB César Valentín 0-0: Ball
1-0: Ball
2-0: Ball
3-0: Called Strike
3-1: Base on Balls
Eric Wheeler to second
Batting: LHB Howard Evans 0-0: Swinging Strike
0-1: Ball
1-1: Ball
2-1: Called Strike
2-2: 3-RUN HOME RUN (Flyball, 78XD), Distance : 413 ft
Batting: RHB Lawrence Yates 0-0: Ball
1-0: Ball
2-0: Fly out, F8 (Flyball, 89D)
Batting: LHB Mike MacFadden 0-0: Called Strike
0-1: Ball
1-1: Ground out 4-3 (Groundball, 4)
Top of the 7th over - 3 runs, 2 hits, 0 errors, 0 left on base; Baffin Island 3 - New York 14
BOTTOM OF THE 7TH
New York Knights batting - Pitching for Baffin Island Beavers : RHP Thierry Garneau
Pinch Hitting: RHB Javier Ortíz 0-0: Called Strike
0-1: Fly out, F7 (Flyball, 7LD)
Batting: RHB Pepe Carrasco 0-0: Swinging Strike
0-1: Ball
1-1: Foul Ball, location: 2F
1-2: Ball
2-2: Fly out, F8 (Flyball, 8LXD)
Batting: RHB Vic Langlois 0-0: Ball
1-0: Ball
2-0: Ball
3-0: Base on Balls
Batting: SHB Marvin Harris 0-0: Foul Ball, location: 2F
0-1: Ball
1-1: DOUBLE (Line Drive, 9D)
Vic Langlois to third
Runner from 3rd tries for Home, SAFE, no throw
Batting: LHB Bill McCraney 0-0: Ball
1-0: Swinging Strike
1-1: Called Strike
1-2: Ball
2-2: SINGLE (Groundball, 4MD)
Marvin Harris to third
Runner from 3rd tries for Home, SAFE, no throw
Batting: RHB Jacob Pope 0-0: Ground out U3 (Groundball, 34)
Bottom of the 7th over - 2 runs, 2 hits, 0 errors, 1 left on base; Baffin Island 3 - New York 16
TOP OF THE 8TH
Baffin Island Beavers batting - Pitching for New York Knights : RHP Pedro Cabrera
Now at 2B: Robert Downing
Pinch Hitting: RHB Alberto Hernández 0-0: Fly out, F8 (Flyball, 89M)
Batting: SHB Alonso Ferreira 0-0: Ball
1-0: Ball
2-0: Foul Ball, location: 2F
2-1: Ball
3-1: Foul Ball, location: 2F
3-2: Strikes out swinging
Batting: RHB Dave Craig 0-0: Called Strike
0-1: Ball
1-1: Foul Ball, location: 2F
1-2: Foul Ball, location: 2F
1-2: Hit by Pitch
Batting: RHB Tony Morton 0-0: Called Strike
0-1: Swinging Strike
0-2: Ball
1-2: Ball
2-2: Foul Ball, location: 2F
2-2: Foul Ball, location: 2F
2-2: Fly out, F4 (Popup, 23)
Top of the 8th over - 0 runs, 0 hits, 0 errors, 1 left on base; Baffin Island 3 - New York 16
BOTTOM OF THE 8TH
New York Knights batting - Pitching for Baffin Island Beavers : RHP Thierry Garneau
Now at 1B: Alberto Hernández
Batting: LHB Jerry Johnston 0-0: Ball
1-0: Fly out, F9 (Flyball, 9LD)
Batting: LHB Keith Green 0-0: Called Strike
0-1: Ground out 3-1 (Groundball, 34)
Batting: LHB Warren Potter 0-0: Called Strike
0-1: Called Strike
0-2: Ball
1-2: Fly out, F8 (Flyball, 89M)
Bottom of the 8th over - 0 runs, 0 hits, 0 errors, 0 left on base; Baffin Island 3 - New York 16
TOP OF THE 9TH
Baffin Island Beavers batting - Pitching for New York Knights : RHP Pedro Cabrera
Batting: LHB Eric Wheeler 0-0: SINGLE (Line Drive, 56)
Batting: LHB César Valentín 0-0: Ball
1-0: DOUBLE (Line Drive, 9LD)
Eric Wheeler to third
Batting: LHB Howard Evans 0-0: Ball
1-0: Called Strike
1-1: Foul Ball, location: 2F
1-2: Foul Ball, location: 2F
1-2: Ball
2-2: Foul Ball, location: 2F
2-2: Foul Ball, location: 2F
2-2: Foul Ball, location: 2F
2-2: Fly out, F7 (Flyball, 7)
Runner from 3rd tags up, SCORES, no throw
Pitching: RHP Ed Lugo
Batting: RHB Lawrence Yates 0-0: Called Strike
0-1: Ball
1-1: Swinging Strike
1-2: Foul Ball, location: 2F
1-2: Foul Ball, location: 2F
1-2: Foul Ball, location: 2F
1-2: Ball
2-2: Ball
3-2: Strikes out looking
Batting: LHB Mike MacFadden 0-0: Foul Ball, location: 2F
0-1: Foul Ball, location: 2F
0-2: Foul Ball, location: 2F
0-2: Ball
1-2: SINGLE (Line Drive, 8RS)
César Valentín to third
Pinch Hitting: LHB Lorenzo Villa 0-0: Called Strike
0-1: Foul Ball, location: 2F
0-2: Ground out U3 (Groundball, 3)
Top of the 9th over - 1 run, 3 hits, 0 errors, 2 left on base; Baffin Island 4 - New York 16
Saturday, December 16th, 2017 - OOTP Baseball 18.8 Build 76